PIO (24 & UNDER)
SURREY SINNERS @ COLORADO COMMANDERS
08/17/2023
 
TOP OF THE 1ST
Surrey Sinners batting - Pitching for Colorado Commanders : RHP Jeffrey King
Pitching: RHP Jeffrey King
Batting: RHB José Toro 0-0: Ball
1-0: Ball
2-0: Called Strike
2-1: Ground out 6-3 (Groundball, 6)
Batting: LHB Buddy Rice 0-0: Ball
1-0: Swinging Strike
1-1: Ball
2-1: Called Strike
2-2: Ball
3-2: Strikes out swinging
Batting: RHB Víctor Arredondo 0-0: Called Strike
0-1: Ball
1-1: Called Strike
1-2: Strikes out swinging
Top of the 1st over - 0 run(s), 0 hit(s), 0 error(s), 0 left on base; Surrey 0 - Colorado 0
BOTTOM OF THE 1ST
Colorado Commanders batting - Pitching for Surrey Sinners : LHP Ron Cummins
Pitching: LHP Ron Cummins
Batting: LHB Rafael Delgado 0-0: Ball
1-0: Ball
2-0: Foul Ball, location: 2F
2-1: Ball
3-1: Base on Balls
Batting: RHB Emílio Bruno 0-0: Ball
1-0: Ball
Rafael Delgado steals 2nd base
2-0: SINGLE (Line Drive, 8LS)
Rafael Delgado to third
Runner from 3rd tries for Home, SAFE, no throw or cutoff
Batting: RHB John Dinkins 0-0: Called Strike
0-1: Ball
1-1: Ball
2-1: Foul Ball, location: 2F
2-2: Grounds into double play, 5-4-3 (Groundball, 56)
Batting: SHB George Adams 0-0: Called Strike
0-1: SOLO HOME RUN (Flyball, 78XD), Distance : 390 ft
Batting: SHB Scott Compton 0-0: Ball
1-0: Called Strike
1-1: Called Strike
1-2: Foul Ball, location: 2F
1-2: Ball
2-2: Ball
3-2: SINGLE (Line Drive, 6MD)
Batting: RHB Joe Haley 0-0: Ball
1-0: Ball
2-0: DOUBLE (Flyball, 8LXD)
Scott Compton to third
Batting: RHB Emiel van Rhee 0-0: Ball
1-0: Fly out, F8 (Flyball, 8LM)
Bottom of the 1st over - 2 run(s), 4 hit(s), 0 error(s), 2 left on base; Surrey 0 - Colorado 2
TOP OF THE 2ND
Surrey Sinners batting - Pitching for Colorado Commanders : RHP Jeffrey King
Batting: RHB Cooper Richard 0-0: Swinging Strike
0-1: Called Strike
0-2: Ball
1-2: Ball
2-2: Ball
3-2: SINGLE (Flyball, 6MD)
Batting: RHB César Osequedo 0-0: Ball
1-0: Ball
2-0: Foul Ball, location: 2F
2-1: Ball
3-1: Foul Ball, location: 2F
3-2: Strikes out swinging
Batting: RHB Bob Magee 0-0: Called Strike
0-1: Ball
1-1: Ball
2-1: Foul Ball, location: 2F
2-2: Ground out U3 (Groundball, 3S)
Cooper Richard to second
Batting: RHB Miguel Palácios 0-0: Ball
1-0: Foul Ball, location: 2F
1-1: SINGLE (Line Drive, 78S)
Cooper Richard to third
Runner from 3rd tries for Home, SAFE, no throw or cutoff
Batting: RHB Omar Tobías 0-0: Called Strike
0-1: Ball
1-1: Ball
2-1: Ball
3-1: Called Strike
3-2: Strikes out swinging
Top of the 2nd over - 1 run(s), 2 hit(s), 0 error(s), 1 left on base; Surrey 1 - Colorado 2
BOTTOM OF THE 2ND
Colorado Commanders batting - Pitching for Surrey Sinners : LHP Ron Cummins
Batting: RHB Earnest Turner 0-0: Fly out, F7 (Flyball, 78M)
Batting: LHB John Nicholson 0-0: Foul Ball, location: 2F
0-1: SINGLE (Flyball, 3D)
Batting: LHB Rafael Delgado 0-0: Ball
1-0: Called Strike
John Nicholson steals 2nd base
1-1: Swinging Strike
1-2: SINGLE (Groundball, 56D)
John Nicholson to third
Runner from 3rd tries for Home, SAFE, throw made home
Rafael Delgado to second
Batting: RHB Emílio Bruno 0-0: Called Strike
Rafael Delgado steals 3rd base
0-1: Ground out 6-3 (Groundball, 6)
Rafael Delgado scores
Batting: RHB John Dinkins 0-0: Ball
1-0: Ball
2-0: Called Strike
2-1: Ball
3-1: SINGLE (Flyball, 89S)
Batting: SHB George Adams 0-0: Ball
John Dinkins steals 2nd base
1-0: Ball
2-0: Ground out 6-3 (Groundball, 6)
Bottom of the 2nd over - 2 run(s), 3 hit(s), 0 error(s), 1 left on base; Surrey 1 - Colorado 4
TOP OF THE 3RD
Surrey Sinners batting - Pitching for Colorado Commanders : RHP Jeffrey King
Batting: RHB Ryan Parrish 0-0: Called Strike
0-1: Called Strike
0-2: Strikes out swinging
Batting: RHB José Toro 0-0: Called Strike
0-1: Foul Ball, location: 2F
0-2: Strikes out swinging
Batting: LHB Buddy Rice 0-0: Fly out, F4 (Line Drive, 34)
Top of the 3rd over - 0 run(s), 0 hit(s), 0 error(s), 0 left on base; Surrey 1 - Colorado 4
BOTTOM OF THE 3RD
Colorado Commanders batting - Pitching for Surrey Sinners : LHP Ron Cummins
Batting: SHB Scott Compton 0-0: Called Strike
0-1: Ball
1-1: DOUBLE (Groundball, 5L)
Batting: RHB Joe Haley 0-0: TRIPLE (Flyball, 89M)
Scott Compton scores
Batting: RHB Emiel van Rhee 0-0: Called Strike
0-1: Swinging Strike
0-2: Strikes out swinging
Batting: RHB Earnest Turner 0-0: Ball
1-0: Foul Ball, location: 2F
1-1: SINGLE (Line Drive, 9LS)
Joe Haley scores
Batting: LHB John Nicholson 0-0: Ball
1-0: Called Strike
1-1: DOUBLE (Line Drive, 89M)
Earnest Turner to third
Batting: LHB Rafael Delgado 0-0: Called Strike
0-1: Ball
1-1: Ball
2-1: Called Strike
2-2: Ground out 4-3 (Groundball, 4)
Earnest Turner scores
John Nicholson to third
Batting: RHB Emílio Bruno 0-0: Ball
1-0: Ball
2-0: Ball
3-0: Base on Balls
Batting: RHB John Dinkins 0-0: Ball
1-0: Called Strike
1-1: Ball
2-1: Ball
Emílio Bruno steals 2nd base
3-1: Foul Ball, location: 2F
3-2: Strikes out looking
Bottom of the 3rd over - 3 run(s), 4 hit(s), 0 error(s), 2 left on base; Surrey 1 - Colorado 7
TOP OF THE 4TH
Surrey Sinners batting - Pitching for Colorado Commanders : RHP Jeffrey King
Batting: RHB Víctor Arredondo 0-0: Ball
1-0: Swinging Strike
1-1: Swinging Strike
1-2: Ball
2-2: Foul Ball, location: 2F
2-2: Strikes out swinging
Batting: RHB Cooper Richard 0-0: Ball
1-0: Ball
2-0: Ball
3-0: Called Strike
3-1: Foul Ball, location: 2F
3-2: Foul Ball, location: 2F
3-2: Foul Ball, location: 2F
3-2: Base on Balls
Batting: RHB César Osequedo 0-0: Ball
Cooper Richard steals 2nd base
1-0: Ground out 5-3 (Groundball, 56)
Batting: RHB Bob Magee 0-0: Ball
1-0: Ball
Passed Ball!
Cooper Richard to third
2-0: Foul Ball, location: 2F
2-1: Ball
3-1: Base on Balls
Batting: RHB Miguel Palácios 0-0: Foul Ball, location: 2F
0-1: Foul Ball, location: 2F
0-2: Strikes out swinging
Top of the 4th over - 0 run(s), 0 hit(s), 0 error(s), 2 left on base; Surrey 1 - Colorado 7
BOTTOM OF THE 4TH
Colorado Commanders batting - Pitching for Surrey Sinners : LHP Ron Cummins
Batting: SHB George Adams 0-0: SINGLE (Groundball, 56D) (infield hit)
Batting: SHB Scott Compton 0-0: Swinging Strike
0-1: Swinging Strike
0-2: Ball
1-2: Ball
2-2: Ball
3-2: Foul Ball, location: 2F
3-2: Ground out 6-3 (Groundball, 6M)
George Adams to second
Batting: RHB Joe Haley 0-0: DOUBLE (Flyball, 7LD)
George Adams scores
Pitching: RHP Tomás Silva
Batting: RHB Emiel van Rhee 0-0: Ground out 1-3 (Groundball, 13S)
Joe Haley to third
Batting: RHB Earnest Turner 0-0: Ball
1-0: Ground out 3-1 (Groundball, 34)
Bottom of the 4th over - 1 run(s), 2 hit(s), 0 error(s), 1 left on base; Surrey 1 - Colorado 8
TOP OF THE 5TH
Surrey Sinners batting - Pitching for Colorado Commanders : RHP Jeffrey King
Batting: RHB Omar Tobías 0-0: Called Strike
0-1: Ball
1-1: Ball
2-1: Foul Ball, location: 2F
2-2: Strikes out swinging
Batting: RHB Ryan Parrish 0-0: Fly out, F8 (Line Drive, 8LS)
Batting: RHB José Toro 0-0: SINGLE (Groundball, 6MD)
Batting: LHB Buddy Rice 0-0: Swinging Strike
0-1: Ball
1-1: Ball
2-1: Foul Ball, location: 2F
2-2: Fly out, F7 (Popup, 6D)
Top of the 5th over - 0 run(s), 1 hit(s), 0 error(s), 1 left on base; Surrey 1 - Colorado 8
BOTTOM OF THE 5TH
Colorado Commanders batting - Pitching for Surrey Sinners : RHP Tomás Silva
Batting: LHB John Nicholson 0-0: Ball
1-0: SINGLE (Popup, 4M)
Batting: LHB Rafael Delgado 0-0: Foul Ball, location: 2F
0-1: Ball
1-1: Foul Ball, location: 2F
1-2: Foul Ball, location: 2F
1-2: Strikes out swinging
Batting: RHB Emílio Bruno 0-0: Ball
1-0: Fly out, F9 (Flyball, 89M)
Batting: RHB John Dinkins 0-0: Called Strike
John Nicholson steals 2nd base
0-1: Ball
1-1: Swinging Strike
1-2: Foul Ball, location: 2F
1-2: Ball
2-2: Foul Ball, location: 2F
2-2: Strikes out swinging
Bottom of the 5th over - 0 run(s), 1 hit(s), 0 error(s), 1 left on base; Surrey 1 - Colorado 8
TOP OF THE 6TH
Surrey Sinners batting - Pitching for Colorado Commanders : RHP Jeffrey King
Batting: RHB Víctor Arredondo 0-0: Called Strike
0-1: Ground out 2-3 (Groundball, 2R)
Pitching: RHP Eddie Huber
Batting: RHB Cooper Richard 0-0: Foul Ball, location: 2F
0-1: SINGLE (Groundball, 6M)
Batting: RHB César Osequedo 0-0: Ball
Cooper Richard steals 2nd base
1-0: Called Strike
1-1: Ball
2-1: Ball
3-1: Foul Ball, location: 2F
3-2: Base on Balls
Batting: RHB Bob Magee 0-0: Ball
1-0: Ball
2-0: SINGLE (Line Drive, 56)
Cooper Richard to third
César Osequedo to second
Runner from 3rd tries for Home, SAFE, no throw or cutoff
Batting: RHB Miguel Palácios 0-0: Fielders Choice at 2nd, 6-4 (Groundball, 6)
César Osequedo to third
Batting: RHB Omar Tobías 0-0: Fly out, F7 (Flyball, 7LM)
Top of the 6th over - 1 run(s), 2 hit(s), 0 error(s), 2 left on base; Surrey 2 - Colorado 8
BOTTOM OF THE 6TH
Colorado Commanders batting - Pitching for Surrey Sinners : RHP Tomás Silva
Batting: SHB George Adams 0-0: Ball
1-0: Ball
2-0: Ball
3-0: Base on Balls
Batting: SHB Scott Compton 0-0: Called Strike
0-1: Ball
George Adams steals 2nd base
1-1: Ball
2-1: SINGLE (Line Drive, 9S)
George Adams to third
Batting: RHB Joe Haley 0-0: Foul Ball, location: 2F
0-1: Called Strike
0-2: Ball
1-2: Ball
2-2: Foul Ball, location: 2F
2-2: Strikes out swinging
Batting: RHB Emiel van Rhee 0-0: Called Strike
0-1: Foul Ball, location: 2F
0-2: Grounds out, U3 (Groundball, 3L)
George Adams scores
Batting: RHB Earnest Turner 0-0: Called Strike
0-1: Ball
1-1: SINGLE (Groundball, 15S) (infield hit)
Scott Compton to third
Batting: LHB John Nicholson 0-0: Called Strike
Earnest Turner steals 2nd base
0-1: Ball
1-1: Called Strike
1-2: Strikes out looking
Bottom of the 6th over - 1 run(s), 2 hit(s), 0 error(s), 2 left on base; Surrey 2 - Colorado 9
TOP OF THE 7TH
Surrey Sinners batting - Pitching for Colorado Commanders : RHP Eddie Huber
Batting: RHB Ryan Parrish 0-0: Fly out, F9 (Flyball, 89D)
Batting: RHB José Toro 0-0: Called Strike
0-1: Ball
1-1: Swinging Strike
1-2: Strikes out looking
Batting: LHB Buddy Rice 0-0: Ball
1-0: Called Strike
1-1: Ball
2-1: Swinging Strike
2-2: Ball
3-2: Foul Ball, location: 2F
3-2: Foul Ball, location: 2F
3-2: Base on Balls
Batting: RHB Víctor Arredondo 0-0: Ball
1-0: Ball
2-0: Fly out, F7 (Flyball, 7LS)
Top of the 7th over - 0 run(s), 0 hit(s), 0 error(s), 1 left on base; Surrey 2 - Colorado 9
BOTTOM OF THE 7TH
Colorado Commanders batting - Pitching for Surrey Sinners : RHP Tomás Silva
Pitching: RHP Juan Fonseca
Batting: LHB Rafael Delgado 0-0: Called Strike
0-1: Called Strike
0-2: Fly out, F7 (Line Drive, 78S)
Batting: RHB Emílio Bruno 0-0: Swinging Strike
0-1: Ball
1-1: Foul Ball, location: 2F
1-2: Fly out, F4 (Popup, 34)
Batting: RHB John Dinkins 0-0: Called Strike
0-1: Swinging Strike
0-2: SINGLE (Groundball, 6S) (infield hit)
Batting: SHB George Adams 0-0: Ball
1-0: Ground out U3 (Groundball, 3)
Bottom of the 7th over - 0 run(s), 1 hit(s), 0 error(s), 1 left on base; Surrey 2 - Colorado 9
TOP OF THE 8TH
Surrey Sinners batting - Pitching for Colorado Commanders : RHP Eddie Huber
Now in RF: Ángel Díaz
Batting: RHB Cooper Richard 0-0: SINGLE (Groundball, 6MD)
Batting: RHB César Osequedo 0-0: Ball
1-0: Grounds into double play, 6-4-3 (Groundball, 6)
Batting: RHB Bob Magee 0-0: Called Strike
0-1: Foul Ball, location: 2F
0-2: Foul Ball, location: 2F
0-2: Foul Ball, location: 2F
0-2: Ball
1-2: Foul Ball, location: 2F
1-2: Foul Ball, location: 2F
1-2: Ball
2-2: DOUBLE (Line Drive, 7LS)
Batting: RHB Miguel Palácios 0-0: Ball
1-0: 2-RUN HOME RUN (Flyball, 7D), Distance : 352 ft
Pitching: RHP Manuel Zarate
Batting: RHB Omar Tobías 0-0: Ball
1-0: Called Strike
1-1: SINGLE (Line Drive, 56D)
Batting: RHB Ryan Parrish 0-0: Fielders Choice at 2nd, 6-4 (Groundball, 6)
Top of the 8th over - 2 run(s), 4 hit(s), 0 error(s), 0 left on base; Surrey 4 - Colorado 9
BOTTOM OF THE 8TH
Colorado Commanders batting - Pitching for Surrey Sinners : RHP Juan Fonseca
Batting: SHB Scott Compton 0-0: Swinging Strike
0-1: Called Strike
0-2: Ball
1-2: Ball
2-2: Strikes out looking
Batting: RHB Joe Haley 0-0: SINGLE (Line Drive, 4M)
Batting: RHB Emiel van Rhee 0-0: Ball
1-0: Ball
2-0: Called Strike
2-1: Foul Ball, location: 2F
2-2: Ball
3-2: Foul Ball, location: 2F
3-2: Strikes out looking
Batting: RHB Earnest Turner 0-0: Ball
1-0: Ball
2-0: Called Strike
2-1: SINGLE (Line Drive, 7S)
Joe Haley to second
Batting: LHB John Nicholson 0-0: Swinging Strike
0-1: Swinging Strike
0-2: Foul Ball, location: 2F
0-2: Ground out 4-3 (Groundball, 34)
Bottom of the 8th over - 0 run(s), 2 hit(s), 0 error(s), 2 left on base; Surrey 4 - Colorado 9
TOP OF THE 9TH
Surrey Sinners batting - Pitching for Colorado Commanders : RHP Manuel Zarate
Batting: RHB José Toro 0-0: Called Strike
0-1: Ball
1-1: Ball
2-1: Foul Ball, location: 2F
2-2: Strikes out swinging
Batting: LHB Buddy Rice 0-0: Called Strike
0-1: Ball
1-1: Ball
2-1: Ball
3-1: Foul Ball, location: 2F
3-2: Foul Ball, location: 2F
3-2: Strikes out swinging
Batting: RHB Víctor Arredondo 0-0: Foul Ball, location: 2F
0-1: Swinging Strike
0-2: Foul Ball, location: 2F
0-2: DOUBLE (Line Drive, 5)
Batting: RHB Cooper Richard 0-0: Ball
1-0: Called Strike
1-1: Ball
2-1: 2-RUN HOME RUN (Flyball, 78XD), Distance : 385 ft
Pitching: RHP Tony Henderson
Batting: RHB César Osequedo 0-0: Called Strike
0-1: Ball
1-1: Foul Ball, location: 2F
1-2: Strikes out swinging
Top of the 9th over - 2 run(s), 2 hit(s), 0 error(s), 0 left on base; Surrey 6 - Colorado 9
This league is powered by Out of the Park Baseball, the baseball management simulation game for PC, Mac and Linux
Wednesday, December 2nd, 2015 - OOTP Baseball 16.8 Build 38